 Dungeon Crawl Stone Soup version 0.17-a0-1719-g1afd5a1 (webtiles) character file.

653 shakdrar the Insei (level 7, 0/55 HPs)
             Began as a Vampire Monk on Aug 28, 2015.
             Succumbed to an orc priest's poison
             ... on level 4 of the Dungeon.
             The game lasted 00:19:58 (4498 turns).

shakdrar the Insei (Vampire Monk)                   Turns: 4498, Time: 00:19:58

Health: 0/55       AC:  3    Str: 10    XL:     7   Next: 28%
Magic:  7/7        EV: 14    Int: 13    God:
Gold:   47         SH:  0    Dex: 18    Spells: 0 memorised, 6 levels left

rFire  . . .     SeeInvis +       - Unarmed
rCold  . . .     Clarity  .     a - +0 robe
rNeg   . . .     SustAt   .     (no shield)
rPois  .         Gourm    .     (no helmet)
rElec  .         Spirit   .     e - +0 cloak
rCorr  .         Warding  .     (no gloves)
rMut   .         Stasis   .     (no boots)
MR     .....                    (no amulet)
Stlth  ++++......               (no ring)
                                (no ring)

@: lethally poisoned (0 -> 0), regenerating quickly, not resistant to hostile
enchantments, stealthy
A: fangs 3, see invisible, unbreathing
a: no special abilities


You were on level 4 of the Dungeon.
You were full.

You visited 1 branch of the dungeon, and saw 4 of its levels.

You collected 107 gold pieces.
You spent 60 gold pieces at shops.

Inventory:

Hand weapons
 h - a +0 blowgun
Missiles
 d - 13 poisoned needles
 i - 4 curare-tipped needles
Armour
 a - a +0 robe (worn)
 e - a +0 cloak (worn)
Magical devices
 b - a wand of digging (10)
Scrolls
 c - 3 scrolls of enchant weapon
 f - a scroll of teleportation
 g - a scroll of remove curse
 j - a scroll of fear
 k - a scroll of identify


   Skills:
 + Level 4.5 Fighting
 + Level 3.4 Dodging
 - Level 6.3 Stealth
 * Level 7.7 Unarmed Combat


You had 6 spell levels left.
You didn't know any spells.

Dungeon Overview and Level Annotations

Branches:
Dungeon (4/15)
 Temple: D:4-7

Altars:
Cheibriados
Vehumet
Yredelemnul

Shops:
D:4 *

Annotations:
D:2 Sigmund
D:4 shakdrar's ghost, average DrMo


Innate Abilities, Weirdness & Mutations

Your natural rate of healing is unusually fast.
You have razor-sharp teeth.
You have supernaturally acute eyesight.
You can survive without breathing.


Message History

You feel sick.
Things that are here:
a short sword of venom; a leather armour
* * * LOW HITPOINT WARNING * * *
You feel sick.
Items here: $ ) / [ † a dagger; a robe; a curved copper wand; 29 gold pieces; an orc corpse
* * * LOW HITPOINT WARNING * * *
You feel sick.
Items here: $ ) / [ † a dagger; a robe; a curved copper wand; 29 gold pieces; an orc corpse You aren't carrying any potions.
Use e to drain blood from corpses.
Drink blood from an orc corpse? (ye/n/q/i?) This warm blood tastes delicious!
You stop draining the corpse.
All the blood oozes out of the corpse!
* * * LOW HITPOINT WARNING * * *
You feel sick.
You feel yourself speed up.
You die...

######.#<####### #.###
#............... #... .
#.####......#### #... ..
#.#......W....# #.. ...
###.#.###.....#.####.. ....
#.....))....)........##.....
#.....#########.####........
#..............)####.#
#.....######.).@)....#
#....∩......<........#
###...#####..........# #...#
#..........# #...#
##........## ####.###
#........# .....# #........#
###### #####.#### #.#


There were no monsters in sight!

Vanquished Creatures
  An ogre (D:4)
  A scorpion (D:4)
  2 orc priests
  A jelly (D:4)
  A hound (D:4)
  5 orc wizards
  An iguana (D:4)
  Natasha (D:4)
  6 adders
  7 gnolls (D:3)
  An ooze (D:3)
  2 worms (D:3)
  4 giant geckos
  15 orcs
  A ball python (D:2)
  12 bats
  7 giant cockroaches
  7 goblins
  5 hobgoblins
  2 jackals (D:2)
  A quokka (D:1)
  3 giant newts
  8 kobolds
  10 rats
104 creatures vanquished.

Notes
Turn   | Place    | Note
--------------------------------------------------------------
     0 | D:1      | shakdrar the Vampire Monk began the quest for the Orb.
     0 | D:1      | Reached XP level 1. HP: 17/17 MP: 1/1
   293 | D:1      | Reached XP level 2. HP: 16/23 MP: 2/2
   824 | D:1      | Reached skill level 5 in Unarmed Combat
  1027 | D:1      | Found a snail-covered altar of Cheibriados.
  1381 | D:2      | Reached XP level 3. HP: 24/28 MP: 3/3
  1426 | D:2      | Found a basalt altar of Yredelemnul.
  1955 | D:2      | Noticed Sigmund
  1997 | D:3      | Reached XP level 4. HP: 35/35 MP: 4/4
  2601 | D:3      | Reached XP level 5. HP: 41/41 MP: 5/5
  2608 | D:3      | Reached skill level 6 in Unarmed Combat
  2950 | D:3      | Reached skill level 5 in Stealth
  3078 | D:3      | Found a snail-covered altar of Cheibriados.
  3079 | D:3      | Found a radiant altar of Vehumet.
  3165 | D:4      | Noticed an ogre
  3171 | D:4      | Killed an ogre
  3171 | D:4      | Reached XP level 6. HP: 8/48 MP: 6/6
  3453 | D:4      | Reached skill level 7 in Unarmed Combat
  3731 | D:4      | Noticed Natasha
  3744 | D:4      | Killed Natasha
  4021 | D:4      | Noticed shakdrar's ghost (average DrMo)
  4262 | D:4      | Found Xyjimp's General Store.
  4303 | D:4      | Reached XP level 7. HP: 28/54 MP: 7/7
  4417 | D:4      | Bought a scroll of fear for 38 gold pieces
  4417 | D:4      | Bought a scroll of identify for 22 gold pieces
  4494 | D:4      | HP: 2/55 [poisoned by an orc priest]
  4498 | D:4      | Succumbed to an orc priest's poison

Vault maps used:
D:1:      dpeg_arrival_subterranean_lakeside_camping, cheibriados_altar_1
D:2:      yredelemnul_altar_generic, uniq_sigmund
D:3:      nicolae_overflow_hidden_temple, minivault_23, minmay_bad_closet
D:4:      minmay_temple_entry_statues_fountains, serial_shops, shop,
          uniq_natasha

Action                   |  1- 3 |  4- 6 |  7- 9 || total
-------------------------+-------+-------+-------++-------
Melee: Unarmed           |   164 |   209 |    28 ||   401
 Fire: Blowgun           |       |     5 |       ||     5
  Use: Scroll            |     5 |     3 |       ||     8
       Potion            |     1 |     4 |       ||     5
 Stab: Sleeping          |    12 |     5 |       ||    17
       Distracted        |     1 |     1 |       ||     2
  Eat: Corpse            |     6 |     9 |     3 ||    18
